 Dungeon Crawl Stone Soup version 0.19.3 (webtiles) character file.

45 MovingMist the Skirmisher (level 3, 0/34 HPs)
             Began as a Naga Fighter on Jan 23, 2017.
             Succumbed to an adder's poison
             ... on level 2 of the Dungeon.
             The game lasted 00:02:38 (1136 turns).

MovingMist the Skirmisher (Naga Fighter)            Turns: 1136, Time: 00:02:39

Health: 0/34       AC:  5    Str: 18    XL:     3   Next: 64%
Magic:  3/3        EV:  3    Int:  8    God:
Gold:   53         SH:  8    Dex: 11    Spells: 0 memorised, 2 levels left

rFire  . . .     SeeInvis +     a - +0 trident
rCold  . . .     Gourm    .     l - +0 chain mail (curse)
rNeg   . . .     Faith    .     c - +0 shield
rPois  +         Spirit   .     (no helmet)
rElec  .         Reflect  .     (no cloak)
rCorr  .         Harm     .     (no gloves)
MR     .....                    (no barding)
Stlth  ..........               (no amulet)
                                (no ring)
                                (no ring)

@: lethally poisoned (0 -> -1), short of breath, very slow
A: see invisible, deformed body, poison resistance, slowness 2, slow metabolism
1, spit poison 1, AC +1
a: Spit Poison


You were on level 2 of the Dungeon.
You were hungry.

You visited 1 branch of the dungeon, and saw 2 of its levels.

You collected 53 gold pieces.

Inventory:

Hand Weapons
 a - a +0 trident (weapon)
Missiles
 b - 2 tomahawks (quivered)
Armour
 c - a +0 shield (worn)
 l - a cursed +0 chain mail (worn)
Scrolls
 e - a scroll of noise {unknown}
 k - a scroll of enchant weapon {unknown}
 m - a scroll of identify {unknown}
 n - a scroll of remove curse {unknown}
Potions
 d - a potion of might
 g - a potion of agility {unknown}
 h - a potion of flight {unknown}
 j - a potion of curing {unknown}
Comestibles
 f - a bread ration
 i - a chunk of flesh


   Skills:
 + Level 3.4 Fighting
 + Level 2.4 Polearms
 + Level 2.7 Armour
 * Level 1.2 Dodging
 - Level 2.4 Shields


You had 2 spell levels left.
You didn't know any spells.

Dungeon Overview and Level Annotations

Branches:
Dungeon (2/15)

Altars:


Innate Abilities, Weirdness & Mutations

You cannot wear boots.
Your serpentine skin is tough. (AC +1)
You have supernaturally acute eyesight. (SInv)
Armour fits poorly on your strangely shaped body.
Your system is resistant to poisons. (rPois)
You cover ground very slowly.
You have a slow metabolism.
You can spit poison.


Message History

You hit the adder.
You kill the adder!
* * * LOW HITPOINT WARNING * * *
You feel sick.
You barely miss the goblin. You block the goblin's attack.
The goblin hits you with a dagger.
* * * LOW HITPOINT WARNING * * *
You barely miss the goblin. You block the goblin's attack.
Press: ? - help, Shift-Dir - straight line, f - goblin
Aim: a goblin, wielding a dagger The splash of poison misses the goblin.
You feel slightly more hungry.
* * * LOW HITPOINT WARNING * * *
You feel sick. The goblin hits you but does no damage.
You miss the goblin. The goblin hits you but does no damage.
You closely miss the goblin. You block the goblin's attack.
The goblin hits you but does no damage.
You are feeling hungry.
You hit the goblin.
The goblin is moderately wounded.
You die...

#################
................#
######..#######.## #..#
#..# #..# ##@#
######..########g#
.....#..#........#
.....#..#..............
.....#..#.......######.
.....#..#........
######..########. #..#
.# #..# .#


You could see a goblin.

Vanquished Creatures
  2 adders (D:2)
  A bat (D:1)
  4 hobgoblins
  7 jackals
  3 kobolds (D:1)
  A ball python (D:1)
  2 frilled lizards (D:1)
  2 goblins (D:1)
  3 rats
25 creatures vanquished.

Notes
Turn   | Place    | Note
-------+----------+-------------------------------------------
     0 | D:1      | MovingMist the Naga Fighter began the quest for the Orb.
     0 | D:1      | Reached XP level 1. HP: 21/21 MP: 1/1
   120 | D:1      | Reached XP level 2. HP: 19/28 MP: 2/2
   749 | D:2      | Reached XP level 3. HP: 22/34 MP: 3/3
  1070 | D:2      | Reached skill level 1 in Dodging
  1131 | D:2      | HP: 1/34 [goblin/dagger (1)]
  1136 | D:2      | Succumbed to an adder's poison

Skill      XL: |  1  2  3 |
---------------+----------+-----
Dodging        | 1 |  1.2
Fighting       | |  3.4
Polearms       | |  2.4
Armour         | |  2.7
Shields        | |  2.4

Action                   || total
-------------------------++-------
Melee: Trident           ||   123
 Abil: Spit Poison       ||     1
Armor: Scale mail        ||     4
       Chain mail        ||    44
Dodge: Dodged            ||    21
Block: Shield            ||    52
